 Dungeon Crawl Stone Soup version 0.29-a0-88-g03a7b78be7 (webtiles) character file.

Game seed: 5183889850337933607

280 dmks the Skirmisher (level 6, -3/75 HPs)
             Began as a Demonspawn Fighter on Feb 5, 2022.
             Slain by Duvessa (4 damage)
             ... on level 4 of the Dungeon.
             The game lasted 00:06:29 (3207 turns).

dmks the Skirmisher (Demonspawn Fighter)            Turns: 3207, Time: 00:06:29

Health: -3/75      AC: 23    Str: 16 (19) XL:     6   Next: 5%
Magic:  6/6        EV:  2    Int:  8 (11) God:
Gold:   136        SH:  4    Dex:  9 (12) Spells: 5/5 levels left

rFire   . . .      SeeInvis .   a - +0 war axe
rCold   . . .      Faith    .   c - +0 buckler
rNeg    . . .      Spirit   .   (armour currently unavailable)
rPois   +          Reflect  .   (helmet currently unavailable)
rElec   .          Harm     .   (cloak currently unavailable)
rCorr   .          Rampage  .   (gloves currently unavailable)
Will    .....      NoTele   +   (boots currently unavailable)
Stlth   +.........              (no amulet)
HPRegen 1.02/turn               (no ring)
MPRegen 0.10/turn               (no ring)

@: lethally poisoned (-3 -> -19), tree-form
A: stationary, stasis, torment immunity, boosted hp, (spiny 2), big brain 1,
demonic magic 1, (deformed body), high MP 1, (poison resistance), regeneration 1
a: no special abilities


You were on level 4 of the Dungeon.
You were a tree.
You visited 1 branch of the dungeon, and saw 4 of its levels.

You collected 136 gold pieces.

Inventory:

Hand Weapons
 a - a +0 war axe (weapon)
Armour
 b - a +0 scale mail (melded)
 c - a +0 buckler (worn)
Scrolls
 e - a scroll of fear {unknown}
 f - a scroll of holy word {!r}
 g - a scroll of identify {@r1}
 h - a scroll of teleportation {unknown}
 j - a scroll of immolation {unknown}
 l - a scroll of noise {unknown}
 m - a scroll of vulnerability {unknown}


   Skills:
 * Level 4.9 Fighting
 - Level 1.7 Axes
 * Level 4.4 Armour
 + Level 3.6 Shields


You had 5 spell levels left.
You didn't know any spells.
Your spell library contained the following spells:

 Spells                   Type           Power      Damage    Failure   Level
 Blink                    Tloc           0%         N/A       65%         2
 Lesser Beckoning         Tloc           0%         N/A       86%         3
 Manifold Assault         Tloc           0%         N/A       100%        5


Dungeon Overview and Level Annotations

Branches:
Dungeon (4/15)
 Temple: D:4-7

Altars:
Vehumet
Xom

Annotations:
D:4 2 runed translucent doors, Dowan, Duvessa


Innate Abilities, Weirdness & Mutations

You are a tree.
Your roots penetrate the ground, keeping you stationary.
You cannot be teleported.
You are immune to unholy pain and torment.
Your maximum health is greatly increased.
Your equipment is partially melded.
((You are mostly covered in sharp spines.))
You have an unusually large brain. (Int +2)
Spells you cast may paralyse adjacent enemies.
((Armour fits poorly on your strangely shaped body.))
You have an increased reservoir of magic. (+10% MP)
((Your system is resistant to poisons. (rPois)))
Your natural rate of healing is unusually fast.


Message History

You closely miss Duvessa. Duvessa is struck by your spines.
Duvessa barely misses you. Duvessa closely misses you.
Duvessa barely misses you.
You closely miss Duvessa. Duvessa is struck by your spines.
Duvessa hits you with a +1 short sword of venom!
You are poisoned.
Duvessa hits you with a +1 short sword of venom!
You hit Duvessa.
You feel very sick.
Duvessa hits you with a +1 short sword of venom.
* * * LOW HITPOINT WARNING * * *
Dowan hits you but does no damage.
You are more poisoned.
Really quaff
k - a potion of lignification {!q}?
Okay, then.
Really quaff
k - a potion of lignification {!q}?
Really quaff the potion of lignification? [Y]es or [N]o only, please.
Really quaff the potion of lignification? [Y]es or [N]o only, please.
Really quaff the potion of lignification?
You turn into a tree.
Your +0 scale mail melds into your body.
Your roots penetrate the ground.
You feel very sick.
Duvessa hits you with a +1 short sword of venom.
* * * LOW HITPOINT WARNING * * *
Dowan hits you but does no damage. Duvessa hits you but does no damage.
You hit Duvessa. You hit Dowan but do no damage.
You feel very sick. You block Duvessa's attack. You block Dowan's attack.
Duvessa hits you with a +1 short sword of venom.
* * * LOW HITPOINT WARNING * * *
You are lethally poisoned!
It was a potion of degeneration.
There was something very wrong with that liquid.
You feel weakened.
You feel dopey.
You feel clumsy.
* * * LOW HITPOINT WARNING * * *
You feel very sick. Dowan hits you but does no damage.
You are more poisoned.
Duvessa hits you but does no damage.
As you read the scroll labelled FUSYLUI LOC MUF, it crumbles to dust.
It is a scroll of identify.
f - a scroll of holy word
* * * LOW HITPOINT WARNING * * *
You feel extremely sick.
Duvessa says, "When magic and the sword combine, nothing stands against them."
Duvessa hits you with a +1 short sword of venom.
You die...

####.##..##### #..#
#.##..# #..# #.##..#
#..# #.##..#
#########..#
#.##..###..........#
#.......#.#######.##
#e##..#.#.### #.#
###.##..#.#.#.#####.#
#........♣e..#......#
#.#.###.#e#.#.#######
#.#.###.#.#.###
#.#.e........#
#.#####......# #.#
####...########
#.#########..........
#...........#########
#############


You could see Duvessa (fast) and Dowan.

Vanquished Creatures
  Menkaure (D:4)
  An orc wizard (D:3)
  3 adders
  4 gnolls
  5 dart slugs
  5 orcs
  8 ball pythons
  4 bats
  4 endoplasms
  2 giant cockroaches
  3 goblins
  A hobgoblin (D:2)
  3 quokkas
  4 frilled lizards
  8 kobolds
  2 rats (D:3)
58 creatures vanquished.

Notes
Turn   | Place    | Note
-------+----------+-------------------------------------------
     0 | D:1      | dmks the Demonspawn Fighter began the quest for the Orb.
     0 | D:1      | Reached XP level 1. HP: 18/18 MP: 1/1
   294 | D:1      | Gained mutation: You are partially covered in sharp spines.
                  | [demonic ancestry]
   294 | D:1      | Reached XP level 2. HP: 24/24 MP: 2/2
   880 | D:2      | Found a faded altar of an unknown god.
  1025 | D:2      | Reached XP level 3. HP: 26/29 MP: 3/3
  2223 | D:3      | Gained mutation: You have an unusually large brain. (Int
                  | +2) [demonic ancestry]
  2223 | D:3      | Reached XP level 4. HP: 29/37 MP: 4/4
  2680 | D:3      | Found a radiant altar of Vehumet.
  2775 | D:4      | Found a large runed translucent door.
  2776 | D:4      | Found a large runed translucent door.
  2781 | D:4      | Found a shimmering altar of Xom.
  2870 | D:4      | Noticed an acid dragon
  2915 | D:3      | Gained mutation: Your system is resistant to poisons.
                  | (rPois) [potion of mutation]
  2915 | D:3      | Gained mutation: Your natural rate of healing is unusually
                  | fast. [potion of mutation]
  2915 | D:3      | Gained mutation: Armour fits poorly on your strangely
                  | shaped body. [potion of mutation]
  2915 | D:3      | Gained mutation: You have an increased reservoir of magic.
                  | (+10% MP) [potion of mutation]
  2920 | D:3      | Gained mutation: Spells you cast may paralyse adjacent
                  | enemies. [demonic ancestry]
  2920 | D:3      | Reached XP level 5. HP: 33/43 MP: 5/5
  3117 | D:4      | Noticed Menkaure
  3124 | D:4      | Killed Menkaure
  3125 | D:4      | Gained mutation: You are mostly covered in sharp spines.
                  | [demonic ancestry]
  3125 | D:4      | Reached XP level 6. HP: 14/50 MP: 6/6
  3188 | D:4      | Noticed Duvessa
  3188 | D:4      | Noticed Dowan
  3207 | D:4      | HP: 1/75 [poisoned by Dowan]
  3207 | D:4      | Slain by Duvessa

Illustrated notes

Levels and vault maps discovered:
D:1:      wheals_arrival_shading, layout_basic
D:2:      layout_loops_corners, hellmonk_ecumenical_altar_pennies_from_heaven,
          minmay_misc_feat_roman, minmay_between
D:3:      layout_rooms, nicolae_vehumet_altar_sigil
D:4:      due_chaos_kobolds, layout_loops_ring, zin_academy, serial_shops,
          shop_fountains, uniq_menkaure, uniq_duvessa, uniq_grinder

Skill      XL: |  1  2  3  4  5 |
---------------+----------------+-----
Armour         | 3 4 |  4.4
Shields        | 3 |  3.6
Fighting       | 4 |  4.9
Axes           | |  1.7

Action                   |  1- 3 |  4- 6 || total
-------------------------+-------+-------++-------
Melee: War axe           |    75 |    54 ||   129
  Use: Potion            |     1 |     5 ||     6
       Scroll            |       |     1 ||     1
Armor: Scale mail        |    25 |    22 ||    47
       Skin              |     1 |     4 ||     5
Dodge: Dodged            |    31 |    27 ||    58
Block: Buckler           |    20 |    12 ||    32

Table legend: (Time is in decaauts)
 A = Elapsed time spent in this place.
 B = Non-inter-level travel time spent in this place.
 C = Inter-level travel time spent in this place.
 D = Time resting spent in this place.
 E = Time spent auto-exploring this place.
 F = Levels seen in this place.
 G = Mean time per level.
                   A        B        C        D        E       F      G
               +--------+--------+--------+--------+--------+-----+--------+
         Total |   3271 |   3218 |     53 |    609 |   2052 |   4 |  817.8 |
       Dungeon |   3271 |   3218 |     53 |    609 |   2052 |   4 |  817.8 |
               +--------+--------+--------+--------+--------+-----+--------+

Top non-repeatable levels by time:
     D:2: 1056 daAuts
     D:4: 846 daAuts
     D:3: 704 daAuts
     D:1: 663 daAuts
